 Dungeon Crawl Stone Soup version 0.20.1-1-g8b1a95d (console) character file.

11 hilaritas the Grasshopper (level 2, 0/13 HPs)
             Began as a Felid Warper on Feb 28, 2018.
             Slain by a kobold (4 damage)
             ... on level 1 of the Dungeon.
             The game lasted 00:02:09 (472 turns).

hilaritas the Grasshopper (Felid Warper)             Turns: 472, Time: 00:02:10

Health: 0/13       AC:  1    Str:  7    XL:     2   Next: 17%
Magic:  6/6        EV: 18    Int: 14    God:
Gold:   13         SH:  0    Dex: 15    Spells: 5/5 levels left
                                        Lives:  0   Deaths: 0

rFire    . . .     SeeInvis +     - Unarmed
rCold    . . .     Gourm    .   (shield unavailable)
rNeg     . . .     Faith    .   (armour unavailable)
rPois    .         Spirit   .   (helmet unavailable)
rElec    .         Reflect  .   (cloak unavailable)
rCorr    .         Harm     .   (gloves unavailable)
MR       .....                  (boots unavailable)
Stlth    ++........             (no amulet)
Regen    0.1/turn               (no ring)
MPRegen  0.1/turn               (no ring)

@: quick
A: no armour, no weapons or thrown items, stealth, claws 1, fangs 3, see
invisible, carnivore 3, speed 1, shaggy fur 1, slow metabolism 1, sharp paws
a: no special abilities


You were on level 1 of the Dungeon.
You were very full.

You visited 1 branch of the dungeon, and saw 1 of its levels.

You collected 13 gold pieces.

Inventory:

Jewellery
 f - an uncursed ring of flight
Scrolls
 b - a scroll of blinking
Potions
 d - a potion of curing {unknown}
 e - a potion of mutation
 g - a potion of ambrosia {unknown}
Books
 a - a book of Spatial Translocations

   Spells                             Type                      Level
   a - Blink                          Translocation                2
   b - Shroud of Golubria             Charms/Translocation         2
   c - Lesser Beckoning               Translocation                3
   d - Gell's Gravitas                Translocation                3
   e - Teleport Other                 Translocation                3
   f - Passage of Golubria            Translocation                4
Comestibles
 c - a meat ration


   Skills:
 - Level 2.0 Fighting
 - Level 3.2 Dodging
 * Level 1.3 Stealth
 * Level 2.6 Unarmed Combat
 - Level 2.0 Spellcasting
   Level 4.4 Translocations


You had 5 spell levels left.
You didn't know any spells.

Dungeon Overview and Level Annotations

Branches:
Dungeon (1/15)

Altars:


Innate Abilities, Weirdness & Mutations

You cannot wear armour.
You are incapable of wielding weapons or throwing items.
Your paws allow you to move quietly. (Stealth)
You have sharp claws.
You have razor-sharp teeth.
You have supernaturally acute eyesight. (SInv)
You are carnivorous and can eat meat at any time.
You cover ground quickly.
You are covered in fur. (AC +1)
You have a slow metabolism.
Your sharp claws are effective at attacking unaware monsters.


Message History

You scratch the kobold but do no damage.
The kobold is heavily wounded.
The rat completely misses you.
You scratch the rat. Your claw misses the rat.
The rat is severely wounded.
The kobold completely misses you. The rat closely misses you.
You barely miss the rat.
The rat is severely wounded.
The kobold barely misses you. The kobold closely misses you.
You scratch the rat.
You kill the rat!
The kobold hits you with a short sword. The kobold misses you.
You scratch the kobold but do no damage.
The kobold is heavily wounded.
The kobold misses you. The kobold barely misses you.
You scratch the kobold but do no damage.
You bite the kobold.
The kobold is severely wounded.
The kobold hits you with a short sword. The kobold hits you.
You die...

#.# #.# #.# .. #.# # #.#
#.# #. # ###..
#.####.### #.. #.#......
#....... #...
#.#.##.####....### #....
$..............#
#.....###.###.#######.#
......K@........#####'##
######†K....#.#.........
#......#.#.........
#......#.#......... #.
.. ........#...........
#.#.#
###########..........
#.#.# #.......... #.#.#
#...####... #.#.#
##########....#####
#.#.#
#........#...##≈≈≈≈
#.#.####
#........#..##≈≈≈.P


You could see 2 kobolds.

Vanquished Creatures
  A bat (D:1)
  2 giant cockroaches (D:1)
  2 goblins (D:1)
  2 hobgoblins (D:1)
  A frilled lizard (D:1)
  A kobold (D:1)
  A rat (D:1)
10 creatures vanquished.

Notes
Turn   | Place    | Note
-------+----------+-------------------------------------------
     0 | D:1      | hilaritas the Felid Warper began the quest for the Orb.
     0 | D:1      | Reached XP level 1. HP: 9/9 MP: 4/4
    83 | D:1      | Reached skill level 1 in Stealth
   412 | D:1      | Reached XP level 2. HP: 13/13 MP: 6/6
   472 | D:1      | Slain by a kobold

Skill      XL: |  1 |
---------------+----+-----
Stealth        | 1 |  1.3
Fighting       | |  2.0
Dodging        | |  3.2
Unarmed Combat | |  2.6
Spellcasting   | |  2.0
Translocations | |  4.4

Action                   || total
-------------------------++-------
Melee: Unarmed           ||    48
       Bite              ||     4
  Use: Scroll            ||     1
 Stab: Sleeping          ||     1
  Eat: Chunk             ||     6
Armor: Skin              ||     3
Dodge: Dodged            ||    41
